 Dungeon Crawl Stone Soup version 0.22.0-18-ge075c0d (webtiles) character file.

1022 letownia2 the Insei (level 8, -9/64 HPs)
             Began as a Demonspawn Transmuter on Aug 18, 2018.
             Was an Initiate of Cheibriados.
             Mangled by a centaur
             ... wielding a +0 hand axe
              (14 damage)
             ... on level 5 of the Dungeon.
             The game lasted 00:11:13 (2012 turns).

letownia2 the Insei (Demonspawn Transmuter)         Turns: 2012, Time: 00:11:14

Health: -9/64      AC:  2    Str: 14    XL:     8   Next: 2%
Magic:  7/11       EV: 19    Int: 15    God:    Cheibriados [......]
Gold:   129        SH:  0    Dex: 20    Spells: 5/11 levels left

rFire    . . .     SeeInvis .     - Unarmed
rCold    . . .     Gourm    .   (shield currently unavailable)
rNeg     . . .     Faith    .   (armour currently unavailable)
rPois    x         Spirit   .   (helmet currently unavailable)
rElec    .         Reflect  .   (cloak currently unavailable)
rCorr    .         Harm     .   (gloves currently unavailable)
MR       .....                  (boots currently unavailable)
Stlth    ++........             (no amulet)
HPRegen  0.20/turn              (no ring)
MPRegen  0.12/turn              (no ring)

@: spider-form (expiring), flying, slow
A: tiny, rugged brown scales 2, demonic guardian 1
a: End Transformation, Bend Time, Renounce Religion


You were on level 5 of the Dungeon.
You worshipped Cheibriados.
Cheibriados was noncommittal.
You were not hungry.
You were a venomous arachnid creature.
You visited 2 branches of the dungeon, and saw 7 of its levels.

You collected 129 gold pieces.

Inventory:

Hand Weapons
 p - a +0 scythe
 t - a +4 quarterstaff of chaos
 y - a cursed -1 trident
 z - a +0 shortbow
Missiles
 a - 100 arrows
 g - 36 poisoned needles
 x - 3 tomahawks (quivered)
 A - 4 javelins
Armour
 b - a +0 robe
 c - a +0 ring mail (melded)
 j - a +0 leather armour
 k - a cursed +0 chain mail
 n - a +0 robe of the Archmagi
 q - a +2 helmet
 u - a +0 cloak (melded)
Wands
 o - a wand of flame (23)
 w - a wand of enslavement (20)
Scrolls
 e - 2 scrolls of enchant weapon {unknown}
 f - a scroll of immolation {unknown}
 h - 3 scrolls of identify
 i - 2 scrolls of teleportation {unknown}
 l - a scroll of enchant armour {unknown}
 m - a scroll of random uselessness {unknown}
 r - a scroll of fear {unknown}
Potions
 v - a potion of agility
Comestibles
 d - 7 rations


   Skills:
 - Level 4.6 Fighting
 - Level 2.1 Armour
 - Level 1.7 Dodging
 + Level 6.9 Unarmed Combat
 - Level 2.1 Spellcasting
 - Level 2.0 Transmutations
 - Level 1.6 Poison Magic
 + Level 1.8 Invocations


You had 5 spell levels left.
You knew the following spells:

 Your Spells              Type           Power        Failure   Level  Hunger
a - Beastly Appendage     Tmut           #.....       24%         1    #......
l - Sticks to Snakes      Tmut           #.......     32%         2    ###....
p - Spider Form           Tmut/Pois      #.........   52%         3    ###....

Your spell library contained the following spells:

 Spells                   Type           Power        Failure   Level  Hunger
 Ice Form                 Ice/Tmut       #.......     93%         4    #####..
 Blade Hands              Tmut           #.........   99%         5    ######.


Dungeon Overview and Level Annotations

Branches:
Dungeon (6/15)             Temple (1/1) D:5

Altars:
Cheibriados
Dithmenos
Elyvilon
Gozag
Ru
Vehumet
Wu Jian
Xom
Yredelemnul
Zin
The Shining One

Shops:
D:6 !

Portals:
Sewer: D:6


Innate Abilities, Weirdness & Mutations

((You have a pair of small horns on your head.))
(You are mostly covered in rugged brown scales. (AC +2, +5% HP))
A weak demonic guardian rushes to your aid.


Message History

Casting: Spider Form (quite dangerous; 52% risk of failure)
Confirm with . or Enter, or press ? or * to list all spells.
You turn into a venomous arachnid creature.
Your +0 cloak melds into your body.
Your +0 ring mail melds into your body.
Unknown command.
Unknown command.
The centaur unwields an uncursed shortbow of flaming.
It stops flaming.
The centaur wields an uncursed hand axe.
The centaur misses you.
The centaur barely misses your iron imp.
The centaur completely misses you.
The centaur hits your iron imp but does no damage.
You see here an arrow.
Unknown command.
You hit the centaur.
The centaur is lightly wounded.
Your transformation is almost over.
The centaur hits you with an uncursed hand axe!
You die...

#...<....... ##..####.... #..#
#. #.o# #. #..# #.##### #..#
#.##..... #.5####.......#
#o......## #.# #.####..##.##s##
#.# #......c5.### ####### #5#
#..##.##.##.### #.##.#. #.#
#..##.##.8>8..# #.##... ##5##
#........))##.#####.##.#>
##...###.#...###.###............
#.#...##.#.# #.###.###########
#.#.#.##.# #.....# #.##..##.#
#######


You could see a centaur and a friendly iron imp.

Vanquished Creatures
  An orc warrior (D:5)
  A phantom (D:5)
  An ogre (D:4)
  2 centaurs (D:5)
  Blork the orc (D:4)
  A water moccasin zombie (D:6)
  A scorpion (D:6)
  Crazy Yiuf (D:3)
  A bullfrog skeleton (D:5)
  An orc wizard (D:4)
  A gnoll (D:1)
  5 adders
  An adder skeleton (D:4)
  3 dart slugs (D:1)
  2 leopard geckos (D:1)
  8 orcs
  2 giant cockroaches
  3 goblins
  4 hobgoblins (D:1)
  6 kobolds
  A quokka (D:4)
  2 bats (D:1)
  3 frilled lizards
  3 rats
55 creatures vanquished.

Vanquished Creatures (collateral kills)
  Sigmund (D:2)
  A phantom (D:5)
  An ogre (D:5)
  A jelly (D:5)
  An adder (D:2)
  4 orcs
  A goblin (D:2)
10 creatures vanquished.

Grand Total: 65 creatures vanquished

Notes
Turn   | Place    | Note
-------+----------+-------------------------------------------
     0 | D:1      | letownia2 the Demonspawn Transmuter began the quest for the Orb.
     0 | D:1      | Reached XP level 1. HP: 15/15 MP: 3/3
     2 | D:1      | Noticed a vampire
     2 | D:1      | Noticed a spriggan
     4 | D:1      | Noticed an elf
     4 | D:1      | Noticed a vine stalker
     6 | D:1      | Noticed a halfling
     6 | D:1      | Noticed an octopode
     8 | D:1      | Noticed a formicid
    10 | D:1      | Noticed a tengu
    10 | D:1      | Noticed a centaur
    12 | D:1      | Noticed a minotaur
    14 | D:1      | Noticed an ogre
    14 | D:1      | Noticed a felid
    16 | D:1      | Noticed a demigod
    16 | D:1      | Noticed a human
    18 | D:1      | Noticed a ghoul
    18 | D:1      | Noticed a naga
    20 | D:1      | Noticed a troll
    22 | D:1      | Noticed a dwarf
    22 | D:1      | Noticed a demonspawn
    24 | D:1      | Noticed a merfolk
    26 | D:1      | Noticed a draconian
    26 | D:1      | Noticed a gargoyle
    97 | D:1      | Reached skill level 3 in Unarmed Combat
   105 | D:1      | Mutation became permanent: You have a pair of small horns on your head. [demonic ancestry]
   105 | D:1      | Gained mutation: You have a pair of horns on your head. [demonic ancestry]
   105 | D:1      | Reached XP level 2. HP: 17/21 MP: 1/5
   196 | D:1      | Gained mutation: A weak demonic guardian rushes to your aid. [demonic ancestry]
   196 | D:1      | Reached XP level 3. HP: 12/27 MP: 6/6
   229 | D:1      | HP: 1/27 [leopard gecko (2)]
   279 | D:1      | Learned a level 2 spell: Sticks to Snakes
   283 | D:1      | Learned a level 3 spell: Spider Form
   598 | D:2      | Noticed Sigmund
   701 | D:2      | Killed Sigmund
   701 | D:2      | Reached skill level 4 in Unarmed Combat
   701 | D:2      | Gained mutation: You are partially covered in rugged brown scales. (AC +1, +3% HP) [demonic ancestry]
   701 | D:2      | Reached XP level 4. HP: 30/38 MP: 1/7
   701 | D:2      | Reached XP level 5. HP: 33/43 MP: 1/8
   862 | D:4      | Noticed an ogre
   883 | D:4      | Killed an ogre
   883 | D:4      | Reached skill level 1 in Armour
   928 | D:4      | Noticed Blork the orc
   972 | D:3      | Found a runed door.
   995 | D:3      | Noticed Crazy Yiuf
  1001 | D:3      | Killed Crazy Yiuf
  1001 | D:3      | Reached XP level 6. HP: 36/49 MP: 1/9
  1136 | D:4      | Killed Blork the orc
  1136 | D:4      | Reached skill level 5 in Unarmed Combat
  1218 | D:5      | Entered Level 5 of the Dungeon
  1265 | D:5      | Reached skill level 1 in Poison Magic
  1275 | D:5      | Noticed an orc warrior
  1388 | D:4      | Gained mutation: You are mostly covered in rugged brown scales. (AC +2, +5% HP) [demonic ancestry]
  1388 | D:4      | Reached XP level 7. HP: 26/55 MP: 5/10
  1478 | D:5      | Reached skill level 6 in Unarmed Combat
  1658 | D:6      | Found a basalt altar of Yredelemnul.
  1709 | D:6      | Found a glowing drain.
  1738 | D:6      | Found Xidgh's Distillery.
  1745 | D:6      | HP: 1/57 [orc priest/divine providence (15)]
  1767 | D:5      | Found a staircase to the Ecumenical Temple.
  1772 | Temple   | Entered the Ecumenical Temple
  1786 | Temple   | Became a worshipper of Cheibriados the Contemplative
  1995 | D:5      | Reached skill level 1 in Invocations
  1995 | D:5      | Reached XP level 8. HP: 24/64 MP: 8/11
  2012 | D:5      | Mangled by a centaur

Skill      XL: |  1  2  3  4  5  6  7 |
---------------+----------------------+-----
Unarmed Combat | 3 4 5 6 |  6.9
Fighting       | 2 3 4 |  4.6
Armour         | 1 2 |  2.1
Transmutations | 2 |  2.0
Poison Magic   | 1 |  1.6
Invocations    | 1 |  1.8
Dodging        | |  1.7
Spellcasting   | |  2.1

Action                   |  1- 3 |  4- 6 |  7- 9 || total
-------------------------+-------+-------+-------++-------
Melee: Unarmed           |    82 |    84 |    59 ||   225
       Kick              |     7 |     9 |    10 ||    26
       Headbutt          |     8 |     9 |    12 ||    29
       Punch             |     1 |       |     4 ||     5
Throw: Tomahawk          |       |       |     4 ||     4
       Javelin           |       |       |     2 ||     2
 Cast: Beastly Appendage |    14 |     9 |     6 ||    29
       Sticks to Snakes  |     2 |       |       ||     2
       Spider Form       |     1 |     2 |     3 ||     6
  Use: Scroll            |       |       |     1 ||     1
       Potion            |       |       |     1 ||     1
 Stab: Sleeping          |       |     1 |       ||     1
  Eat: Chunk             |       |     4 |     4 ||     8
Armor: Ring mail         |    26 |    20 |    12 ||    58
       Robe              |     1 |       |       ||     1
Dodge: Dodged            |    38 |    40 |    36 ||   114
